 Dungeon Crawl Stone Soup version 0.28.0-43-g3370ac3207 (webtiles) character file.

Game seed: 17370182205350924849

90 Eitelfritz the Chopper (level 4, -5/40 HPs)
             Began as a Hill Orc Fighter on Mar 9, 2022.
             Killed by divine providence
             ... invoked by an orc priest
              (17 damage)
             ... on level 3 of the Dungeon.
             The game lasted 00:03:38 (2254 turns).

Eitelfritz the Chopper (Hill Orc Fighter)           Turns: 2254, Time: 00:03:39

Health: -5/40      AC:  8    Str: 20    XL:     4   Next: 56%
Magic:  4/4        EV:  9    Int:  8    God:
Gold:   91         SH:  4    Dex: 10    Spells: 3/3 levels left

rFire   . . .      SeeInvis .   a - +0 war axe
rCold   . . .      Faith    .   c - +0 buckler
rNeg    . . .      Spirit   .   b - +0 scale mail
rPois   .          Reflect  .   (no helmet)
rElec   .          Harm     .   (no cloak)
rCorr   .          Rampage  .   f - +0 pair of gloves
Will    .....                   (no boots)
Stlth   ..........              (no amulet)
HPRegen 0.13/turn               (no ring)
MPRegen 0.09/turn               (no ring)

@: no status effects
A: no striking features
a: Convert to Beogh


You were on level 3 of the Dungeon.
You visited 1 branch of the dungeon, and saw 3 of its levels.

You collected 91 gold pieces.

Inventory:

Hand Weapons
 a - a +0 war axe (weapon)
Missiles
 m - a throwing net (quivered)
Armour
 b - a +0 scale mail (worn)
 c - a +0 buckler (worn)
 f - a +0 pair of gloves (worn)
 j - a +0 kite shield
 n - a +0 plate armour of poison resistance
Jewellery
 l - a ring of magical power
Scrolls
 e - 3 scrolls of identify {unknown}
 h - a scroll of fog {unknown}
 p - 2 scrolls of teleportation {unknown}
 q - a scroll of brand weapon {unknown}
Potions
 d - a potion of might
 g - 2 potions of mutation {unknown}
 i - a potion of lignification {unknown}
 k - a potion of flight {unknown}
 o - a potion of cancellation {unknown}
 r - a potion of magic {unknown}


   Skills:
 + Level 4.2 Fighting
 + Level 4.5 Axes
 + Level 3.8 Armour
 + Level 3.8 Shields


You had 3 spell levels left.
You didn't know any spells.
Your spell library contained the following spells:

 Spells                   Type           Power      Damage    Failure   Level
 Sting                    Tmut/Pois      0%         1d3       85%         1
 Poisonous Vapours        Pois/Air       0%         N/A       94%         2
 Olgreb's Toxic Radiance  Pois           0%         N/A       100%        4
 Passage of Golubria      Tloc           0%         N/A       100%        4
 Silence                  Hex/Air        0%         N/A       100%        5
 Lehudib's Crystal Spear  Conj/Erth      0%         10d2      100%        8


Dungeon Overview and Level Annotations

Branches:
Dungeon (3/15)

Altars:


Message History

The orc shouts!
Things that are here:
a +0 short sword; a +0 whip; an orc corpse An orc priest comes into view.
It is wielding a +0 short sword.
The orc priest shouts, "Join the one true god or die!" (press Y on the ability menu to convert to Beogh)
The orc priest shouts!
The orc priest casts a cantrip, but nothing happens.
The orc hits you but does no damage. The orc hits you with a +0 dagger.
There is a stone staircase leading up here.
The orc hits you but does no damage.
You climb upwards.
There is a stone staircase leading down here.
You slash the orc!
You kill the orc!
You see here a +0 dagger.
You start resting.
HP restored.
There is a stone staircase leading down here.
You climb downwards.
There is a stone staircase leading up here.
You start waiting.
An orc priest is nearby!
The orc priest miscasts a cantrip.
There is a stone staircase leading up here.
You closely miss the orc priest. You block the orc priest's attack.
The orc priest threatens, "By the altar or by the axe, you will meet Beogh!"
You slash the orc priest!
The orc priest is almost dead.
The orc priest mumbles some strange prayers to Beogh against you.
Beogh smites you!
You closely miss the orc priest.
The orc priest is almost dead.
The orc priest mumbles some strange prayers to Beogh against you.
Pain shoots through your body!
* * * LOW HITPOINT WARNING * * *
The orc priest invokes the aid of Beogh against you.
Beogh smites you!
You die...

.# #.# #.. #.# #.#
####.##### #........#
#.#<.###.#
##.@...##.#
#.o....##)####
....##............#
##...........#..####
.........##..#..#
.#........##...#..#
...#.........#.#..#
#.#......##.#....####
#...................#


You could see an orc priest.

Vanquished Creatures
  2 adders
  4 worms (D:2)
  A dart slug (D:1)
  3 orcs
  4 ball pythons (D:1)
  8 bats
  2 endoplasms (D:1)
  5 giant cockroaches
  6 goblins
  2 hobgoblins
  5 quokkas
  A frilled lizard (D:2)
  4 kobolds (D:2)
  4 rats
51 creatures vanquished.

Notes
Turn   | Place    | Note
-------+----------+-------------------------------------------
     0 | D:1      | Eitelfritz the Hill Orc Fighter began the quest for the
                  | Orb.
     0 | D:1      | Reached XP level 1. HP: 19/19 MP: 1/1
   183 | D:1      | Reached XP level 2. HP: 27/27 MP: 2/2
   845 | D:1      | Reached XP level 3. HP: 28/33 MP: 3/3
  1689 | D:2      | Reached XP level 4. HP: 29/40 MP: 4/4
  1883 | D:2      | Found a faded altar of an unknown god.
  2254 | D:3      | Killed from afar by an orc priest

Illustrated notes

Levels and vault maps discovered:
D:1:      psy_arrival_terrarium, layout_basic
D:2:      layout_rooms, ebering_ecumenical_altar_box, dk_vineyard_2,
          minmay_fractal_squares_gapless_5
D:3:      layout_basic, grunt_temple_overflow_lords_of_destruction,
          gammafunk_ghost_necromancy, minmay_increasing_density

Skill      XL: |  1  2  3  4 |
---------------+-------------+-----
Axes           | 3 4 |  4.5
Fighting       | 4 |  4.2
Armour         | |  3.8
Shields        | |  3.8

Action                   |  1- 3 |  4- 6 || total
-------------------------+-------+-------++-------
Melee: War axe           |   119 |    34 ||   153
Armor: Scale mail        |    63 |    18 ||    81
Dodge: Dodged            |    61 |     9 ||    70
Block: Buckler           |    35 |     6 ||    41
